Map: 젠 - 래더

Players

lllllllllll (sOs)

  • Race: Protoss Protoss
  • League: Grandmaster
  • Spawn Location: 7:00

TSGTYTY (TY) - Winner!

  • Race: Terran Terran
  • League: Grandmaster
  • Spawn Location: 1:00

VOD

Have the link to the VOD?

Description

Time

  • Played on: Jan. 9, 2020, 4:44 a.m.
  • Length: 26:46
Show
View Real Time Build Order
Export as new Build Order

lllllllllll Protoss 

Build Orders: 1 Gate Expand 

Get SALT Encoding   

  12  0:00  Probe  
  13  0:12  Probe  
  14  0:18  Pylon  
  14  0:25  Probe (Chrono Boost)  
  15  0:37  Probe (Chrono Boost)  
  15  0:38  Gateway  
  16  0:44  Probe (Chrono Boost)  
  16  0:46  Assimilator  
  17  0:51  Probe  
  18  1:03  Probe  
  19  1:15  Probe  
  20  1:25  Cybernetics Core  
  20  1:26  Zealot  
  20  1:27  Probe  
  23  1:42  Nexus  
  23  1:59  Pylon  
  23  2:02  Warp Gate  
  23  2:08  Assimilator  
  23  2:15  Stalker (Chrono Boost)  
  23  2:17  Probe  
  26  2:29  Probe  
  26  2:37  Stalker  
  26  2:41  Probe  
  29  2:45  Robotics Facility  
  29  2:56  Probe (Chrono Boost)  
  29  2:58  Probe (Chrono Boost)  
  31  3:01  Gateway  
  32  3:05  Probe (Chrono Boost)  
  32  3:08  Probe (Chrono Boost)  
  32  3:10  Probe (Chrono Boost)  
  32  3:12  Sentry  
  37  3:22  Probe (Chrono Boost)  
  37  3:23  Probe (Chrono Boost)  
  38  3:28  Shield Battery  
  38  3:29  Probe (Chrono Boost)  
  38  3:30  Warp Prism (Chrono Boost)  
  38  3:31  Probe (Chrono Boost)  
  42  3:38  Pylon  
  42  3:40  Probe  
  43  3:43  Probe  
  44  3:54  Stalker  
  45  4:02  Observer  
  45  4:05  Probe x2  
  46  4:19  Probe x2  
  46  4:21  Pylon  
  46  4:23  Stalker x2  
  52  4:25  Twilight Council  
  52  4:27  Observer  
  53  4:33  Probe  
  54  4:48  Probe x2  
  56  4:56  Gateway  
  56  4:57  Gateway  
  56  5:05  Charge (Chrono Boost)  
  56  5:07  Probe x2  
  58  5:20  Gateway x2, Nexus  
  58  5:25  Zealot x2  
  60  5:45  Stalker  
  62  5:50  Pylon  
  62  5:56  Zealot  
  61  6:02  Pylon  
  61  6:03  Pylon  
  61  6:10  Zealot x3  
  69  6:12  Observer  
  69  6:13  Pylon  
  69  6:14  Probe  
  69  6:16  Probe, Stalker  
  69  6:24  Zealot  
  69  6:25  Zealot  
  72  6:30  Zealot x2  
  72  6:31  Zealot  
  74  6:46  Probe x2 (Chrono Boost)  
  76  6:48  Probe (Chrono Boost)  
  76  6:50  Robotics Bay  
  76  6:51  Forge  
  77  6:57  Stalker  
  77  6:58  Probe x2 (Chrono Boost)  
  77  7:00  Probe (Chrono Boost), Zealot x4  
  90  7:05  Probe (Chrono Boost)  
  90  7:06  Probe x2 (Chrono Boost)  
  93  7:12  Assimilator  
  93  7:13  Assimilator  
  93  7:15  Probe x3  
  95  7:21  Pylon  
  92  7:35  Protoss Ground Weapons Level 1 (Chrono Boost)  
  68  7:37  Warp Prism (Chrono Boost)  
  68  7:39  Probe x3  
  68  7:40  Stalker x4  
  68  7:43  Observer  
  69  7:51  Gateway  
  69  7:53  Dark Shrine  
  69  7:54  Sentry, Zealot  
  69  7:55  Probe  
  69  7:57  Probe  
  75  8:01  Gravitic Drive  
  75  8:06  Zealot x3  
  75  8:09  Zealot  
  75  8:12  Observer (Chrono Boost)  
  83  8:16  Zealot  
  85  8:20  Probe  
  86  8:33  Observer  
  87  8:34  Zealot  
  87  8:35  Zealot x4  
  97  8:42  Zealot  
  93  8:51  Zealot  
  93  8:55  Zealot x5  
  79  9:16  Dark Templar  
  77  9:17  Warp Prism (Chrono Boost), Zealot x6  
  77  9:22  Probe  
  77  9:23  Probe x2  
  77  9:24  Blink  
  80  9:26  Protoss Ground Weapons Level 2 (Chrono Boost)  
  76  9:35  Probe  
  67  9:40  Forge  
  67  9:41  Nexus  
  65  9:49  Probe  
  66  9:53  Dark Templar  
  66  9:54  Dark Templar  
  66  9:56  Sentry, Zealot  
  66  9:57  Zealot x3  
  80  10:00  Pylon, Protoss Ground Armor Level 1 (Chrono Boost)  
  80  10:03  Photon Cannon  
  80  10:05  Gravitic Boosters  
  80  10:06  Observer  
  81  10:11  Photon Cannon  
  81  10:20  Stalker x2  
  81  10:21  Zealot x2  
  89  10:34  Warp Prism (Chrono Boost)  
  87  10:40  Stalker x3  
  87  10:41  Stalker  
  87  10:42  Zealot  
  99  10:47  Probe x3  
  100  10:55  Probe  
  100  10:56  Pylon  
  101  11:01  Photon Cannon  
  101  11:06  Observer  
  101  11:07  Probe (Chrono Boost)  
  101  11:08  Photon Cannon  
  106  11:12  Probe x3 (Chrono Boost)  
  106  11:17  Robotics Facility  
  106  11:18  Probe (Chrono Boost)  
  107  11:20  Probe x3 (Chrono Boost)  
  110  11:26  Shield Battery  
  110  11:32  Stalker x2  
  114  11:33  Zealot x5  
  114  11:37  Shield Battery  
  124  11:40  Pylon  
  124  11:44  Protoss Ground Weapons Level 3 (Chrono Boost), Protoss Ground Armor Level 2 (Chrono Boost)  
  124  12:01  Probe  
  124  12:02  Probe x2  
  124  12:03  Assimilator x2, Disruptor x2 (Chrono Boost)  
  124  12:04  Nexus  
  124  12:07  Gateway  
  132  12:10  Zealot x4  
  132  12:12  Zealot  
  142  12:21  Observer  
  142  12:24  Pylon  
  142  12:31  Warp Prism  
  142  12:32  Warp Prism  
  143  12:39  Zealot  
  143  12:40  Dark Templar, Zealot x2  
  149  12:48  Photon Cannon  
  149  12:49  Pylon  
  149  12:51  Pylon  
  143  13:00  Stalker x2  
  143  13:01  Stalker x4  
  154  13:09  Observer  
  154  13:10  Probe x2, Observer  
  154  13:11  Probe x2  
  147  13:20  Stalker x2  
  147  13:23  Probe  
  147  13:24  Photon Cannon  
  147  13:26  Shield Battery, Stalker x4  
  157  13:30  Observer  
  157  13:35  Probe  
  157  13:40  Stalker x2  
  160  13:41  Disruptor x2 (Chrono Boost)  
  164  14:02  Pylon  
  163  14:10  Zealot x3, Observer  
  163  14:11  Zealot, Stalker x4  
  163  14:13  Probe  
  158  14:26  Stalker x2  
  158  14:30  Warp Prism (Chrono Boost)  
  164  14:40  Warp Prism (Chrono Boost)  
  148  14:46  Protoss Ground Armor Level 3 (Chrono Boost), Observer  
  148  14:47  Protoss Shields Level 1 (Chrono Boost)  
  148  14:49  Stalker x5  
  156  14:59  Probe  
  157  15:10  Observer  
  157  15:12  Stalker x3  
  162  15:30  Immortal, Assimilator  
  162  15:31  Immortal, Assimilator  
  170  15:39  Zealot x8  
  184  15:48  Gateway  
  184  15:49  Gateway  
  184  15:52  Templar Archives  
  184  16:01  Dark Templar  
  184  16:20  Observer  
  184  16:21  Observer  
  184  16:35  Zealot x8  
  166  16:58  Stalker x2  
  166  16:59  Zealot x4, Stalker  
  170  17:06  Nexus  
  166  17:08  Zealot x3  
  156  17:18  Warp Prism  
  156  17:19  Immortal  
  151  17:22  Stalker x2  
  151  17:23  Stalker x5  
  151  17:27  Pylon  
  161  17:31  Stargate, Unknown  
  161  17:39  Zealot x3  
  163  17:56  Zealot x5  
  163  17:57  Zealot x2  
  163  17:58  Immortal x2  
  181  18:13  Photon Cannon  
  181  18:14  Oracle (Chrono Boost)  
  181  18:16  Gateway x2  
  184  18:21  Gateway  
  184  18:23  Gateway  
  184  18:30  Shadow Stride  
  184  18:32  Protoss Air Weapons Level 1  
  184  18:36  Observer  
  184  18:37  Warp Prism x2  
  180  18:44  Phoenix (Chrono Boost)  
  180  18:46  Stalker x5  
  180  18:47  Stalker  
  194  19:00  Phoenix (Chrono Boost)  
  190  19:31  Observer  
  191  19:36  Phoenix, Gateway  
  191  19:38  Gateway  
  193  19:39  Gateway  
  193  19:42  Gateway  
  183  19:55  Stalker x2  
  183  19:56  Stalker x7  
  183  19:57  Zealot, Stalker  
  173  20:04  Phoenix  
  171  20:10  Photon Cannon, Observer  
  171  20:11  Shield Battery  
  171  20:19  Gateway  
  171  20:21  Gateway, Assimilator  
  169  20:22  Gateway, Assimilator  
  169  20:25  Dark Templar  
  169  20:28  Gateway  
  171  20:32  Zealot x5  
  171  20:33  Zealot x9  
  199  20:49  Stargate  
  156  21:13  Stalker x5  
  156  21:14  Stalker x8  
  156  21:15  Stalker x5  
  133  21:26  Observer  
  133  21:27  Zealot  
  133  21:30  Zealot x3  
  139  21:39  Stalker x6  
  151  21:40  Dark Templar, Zealot x2, Stalker x2  
  151  21:41  Protoss Shields Level 2 (Chrono Boost), Zealot x4  
  151  21:42  Zealot x2  
  151  21:43  Zealot  
  151  21:44  Disruptor x2  
  181  21:48  Observer  
  181  21:55  Pylon  
  181  22:01  Sentry, Stalker x2  
  185  22:02  Zealot x5  
  185  22:03  Zealot  
  121  22:34  Stalker  
  121  22:35  Stalker x10  
  127  22:41  Disruptor x2  
  131  22:48  High Templar x5  
  131  22:49  High Templar x2  
  145  22:57  Observer  
  145  22:59  High Templar x2  
  145  23:00  High Templar x2  
  145  23:02  Zealot x3  
  159  23:07  Archon x5  
  159  23:16  Nexus  
  159  23:23  Stalker  
  159  23:24  Zealot, Stalker x2  
  155  23:37  High Templar x3  
  155  23:39  Stalker x3  
  160  23:44  Archon  
  160  23:45  Probe, Archon  
  141  24:03  Stalker x5  
  141  24:04  Stalker  
  153  24:14  Dark Templar  
  155  24:25  Dark Templar  
  153  24:44  Dark Templar  
  155  24:50  Observer  
  156  24:55  Observer  
  154  25:10  Zealot x5  
  154  25:11  Zealot x3  
  94  25:43  Nexus  
  94  25:44  High Templar x3  
  94  25:45  High Templar x3  
  94  25:46  High Templar  
  94  25:47  High Templar  
  110  25:52  Archon x2  
  110  25:53  Archon x2  
  110  25:54  Observer  
  110  26:01  Phoenix, Stalker  
  110  26:03  High Templar x2  
  112  26:05  High Templar  
  112  26:09  High Templar  
  116  26:14  Archon  
  116  26:15  Archon  
Show
View Real Time Build Order
Export as new Build Order

TSGTYTY Terran - Winner!

Build Orders: Mech 

Get SALT Encoding   

  12  0:00  SCV  
  13  0:12  SCV  
  14  0:17  Supply Depot  
  14  0:24  SCV  
  15  0:38  SCV  
  15  0:39  Barracks  
  16  0:45  Refinery  
  16  0:50  SCV  
  16  0:55  Refinery  
  17  1:03  SCV  
  18  1:15  SCV  
  19  1:27  Reaper  
  19  1:28  Orbital Command  
  20  1:42  Factory  
  20  1:48  Supply Depot  
  20  1:55  SCV  
  20  1:59  Reaper  
  22  2:07  SCV  
  23  2:19  SCV  
  24  2:28  Hellion  
  26  2:31  SCV  
  26  2:34  Command Center  
  27  2:41  Supply Depot  
  27  2:43  SCV  
  30  2:51  Widow Mine  
  30  2:55  SCV  
  30  2:57  Barracks Reactor  
  31  3:04  Starport  
  31  3:07  SCV  
  32  3:13  Factory Tech Lab  
  32  3:19  SCV  
  33  3:29  Supply Depot  
  33  3:32  SCV  
  37  3:36  Marine x2  
  37  3:38  Siege Tank  
  39  3:49  Supply Depot  
  39  3:50  SCV, Viking  
  42  4:01  Marine x2  
  43  4:03  SCV  
  43  4:05  Orbital Command  
  44  4:10  Siege Tank  
  46  4:19  Marine x2  
  46  4:20  SCV, Medivac  
  51  4:32  SCV x2  
  53  4:42  Siege Tank  
  53  4:44  SCV  
  57  4:49  SCV  
  57  4:50  Marine x2, Viking  
  62  4:59  SCV  
  63  5:01  Command Center  
  61  5:07  Marine  
  61  5:08  Marine  
  61  5:10  SCV  
  61  5:13  Refinery x2  
  61  5:14  SCV  
  65  5:15  Supply Depot  
  65  5:16  Siege Tank  
  68  5:23  Viking  
  67  5:28  Marine x2  
  67  5:30  SCV  
  67  5:33  SCV  
  68  5:40  Liberator  
  68  5:42  SCV  
  69  5:46  SCV, Marine x2  
  72  5:54  SCV  
  76  6:07  Siege Tank  
  78  6:12  Marine x2, SCV  
  78  6:17  Supply Depot  
  81  6:19  Supply Depot  
  81  6:24  SCV x2  
  83  6:26  Factory  
  83  6:30  Marine, Factory  
  83  6:32  Orbital Command  
  83  6:37  Orbital Command  
  84  6:40  Marine, Supply Depot  
  84  6:46  Siege Tank  
  82  6:48  Viking  
  81  6:55  Engineering Bay  
  81  6:56  SCV x2  
  83  7:04  Supply Depot  
  80  7:16  Factory Tech Lab  
  80  7:17  Supply Depot, Widow Mine x2  
  80  7:20  Siege Tank  
  85  7:36  SCV  
  85  7:37  SCV  
  72  7:43  Orbital Command  
  78  7:48  SCV  
  78  7:49  SCV  
  78  7:52  Starport Tech Lab  
  78  8:01  SCV x2  
  78  8:03  Cyclone x2  
  78  8:04  Widow Mine x2  
  83  8:10  Missile Turret  
  83  8:13  SCV x3  
  83  8:18  Cloaking Field, Banshee  
  89  8:25  SCV x3  
  92  8:30  Widow Mine x2  
  96  8:35  Missile Turret  
  96  8:37  SCV x3  
  99  8:44  Cyclone  
  99  8:49  SCV x2  
  99  8:50  SCV  
  101  9:01  SCV x2, Banshee  
  101  9:02  SCV  
  107  9:09  Hellion  
  97  9:13  SCV x2  
  97  9:14  Cyclone  
  97  9:16  SCV, Cyclone  
  91  9:25  SCV  
  91  9:26  SCV  
  91  9:28  SCV  
  91  9:30  Missile Turret  
  91  9:33  Hellion  
  91  9:37  SCV  
  87  9:38  SCV  
  87  9:39  Missile Turret  
  87  9:42  SCV  
  87  9:45  Banshee  
  87  9:49  Cyclone x2  
  98  9:54  SCV x2  
  98  9:57  Missile Turret  
  100  10:01  Missile Turret, Refinery  
  100  10:02  Refinery  
  100  10:06  Hellion x2  
  102  10:08  SCV x3  
  105  10:17  Hyperflight Rotors  
  105  10:21  SCV x2, Hellion x2  
  111  10:34  Hellion x2  
  117  10:37  Banshee  
  117  10:42  Command Center  
  118  10:43  SCV x2, Armory  
  120  10:51  Mag-Field Accelerator  
  120  10:56  Cyclone  
  126  10:57  Cyclone  
  126  11:01  Supply Depot  
  126  11:04  Factory  
  126  11:05  Factory  
  126  11:10  SCV x3  
  129  11:12  Widow Mine x2  
  133  11:20  Sensor Tower  
  133  11:22  Armory  
  133  11:23  Banshee  
  137  11:25  SCV x2  
  137  11:29  SCV, Supply Depot  
  137  11:32  Terran Vehicle Weapons Level 1  
  139  11:36  Drilling Claws  
  138  11:41  Hellion  
  138  11:45  Hellion  
  141  11:52  Factory Reactor, Factory Tech Lab  
  141  11:56  Siege Tank x2  
  141  12:01  Supply Depot  
  146  12:02  Hellion  
  146  12:06  Hellion  
  146  12:07  SCV x3  
  153  12:09  Banshee  
  156  12:17  Siege Tank  
  157  12:25  Widow Mine  
  157  12:27  Widow Mine  
  158  12:34  Siege Tank  
  158  12:35  Siege Tank  
  164  12:38  Widow Mine x2  
  164  12:40  Missile Turret  
  168  12:46  SCV x2  
  168  12:47  SCV  
  169  12:52  Hellion  
  169  12:53  Hellion  
  169  12:55  Banshee  
  166  12:58  SCV  
  166  12:59  Refinery  
  166  13:02  Hellion x2  
  171  13:06  SCV  
  171  13:08  SCV  
  171  13:11  Siege Tank x2  
  172  13:26  Supply Depot  
  172  13:27  Supply Depot x2  
  170  13:30  Siege Tank  
  171  13:37  Hellion x3  
  171  13:38  Banshee  
  171  13:42  SCV  
  171  13:43  SCV  
  171  13:48  Siege Tank x2  
  176  13:57  Missile Turret x2  
  176  14:00  Hellion x10  
  176  14:02  Siege Tank  
  178  14:06  Supply Depot, Hellion x2  
  180  14:12  SCV x3  
  181  14:20  Siege Tank  
  174  14:24  SCV  
  174  14:27  SCV x2  
  174  14:29  Banshee  
  179  14:33  Siege Tank  
  179  14:34  Hellion x2, Siege Tank  
  179  14:36  SCV  
  179  14:37  Terran Vehicle Weapons Level 2  
  181  14:46  SCV x2  
  180  14:54  Planetary Fortress  
  180  14:55  Missile Turret  
  180  14:58  Hellion, Siege Tank  
  180  14:59  Hellion x2  
  189  15:02  Terran Vehicle And Ship Armor Level 1  
  189  15:07  Infernal Pre-Igniter  
  189  15:08  SCV x3  
  189  15:13  Missile Turret, Banshee  
  193  15:19  Missile Turret  
  193  15:20  Siege Tank  
  194  15:23  SCV x2  
  196  15:29  Refinery  
  196  15:34  Siege Tank  
  196  15:36  Siege Tank  
  196  15:41  Missile Turret  
  196  15:42  Missile Turret  
  199  15:59  Command Center  
  199  16:17  Starport  
  199  16:19  Starport, Fusion Core  
  196  16:37  Siege Tank x2  
  194  16:40  Orbital Command  
  194  16:43  Banshee  
  194  16:46  Hellion x3  
  177  17:01  Hellion  
  177  17:07  Orbital Command  
  177  17:08  Hellion  
  172  17:09  Siege Tank x2  
  172  17:14  SCV x3, Hellion x2  
  182  17:18  Viking  
  182  17:20  SCV  
  174  17:24  Hellion  
  174  17:27  Armory  
  174  17:29  Starport, Hellion  
  178  17:30  Viking, Armory  
  180  17:39  SCV  
  180  17:42  Hellion x2  
  187  17:47  Sensor Tower, Missile Turret  
  187  17:48  Missile Turret  
  187  17:49  Command Center  
  187  17:52  Siege Tank  
  188  18:12  Widow Mine, Starport Tech Lab  
  188  18:13  Starport Tech Lab  
  188  18:14  Supply Depot x2  
  188  18:31  Supply Depot  
  188  18:32  Terran Ship Weapons Level 1, Terran Vehicle And Ship Armor Level 2  
  188  18:35  Widow Mine, Battlecruiser, Siege Tank  
  199  18:50  Unknown  
  199  18:56  Missile Turret  
  199  18:57  Weapon Refit  
  199  18:59  Missile Turret  
  199  19:00  Missile Turret x2  
  183  19:12  Battlecruiser  
  185  19:25  Raven  
  182  19:53  Battlecruiser  
  180  20:00  SCV x2  
  180  20:01  SCV  
  179  20:09  Battlecruiser  
  185  20:17  Raven  
  187  20:21  Missile Turret  
  187  20:25  Missile Turret  
  187  20:32  Sensor Tower, Widow Mine  
  189  20:42  Terran Ship Weapons Level 2  
  189  20:47  Planetary Fortress  
  189  20:57  Raven  
  189  20:58  Widow Mine x3  
  130  21:19  Battlecruiser x2  
  142  21:27  Missile Turret  
  142  21:35  SCV x3, Terran Vehicle And Ship Armor Level 3  
  149  21:40  Widow Mine x2  
  149  21:41  Siege Tank  
  149  21:44  Siege Tank  
  149  21:46  Widow Mine x2  
  158  21:55  Battlecruiser  
  158  22:01  Orbital Command  
  140  22:36  Orbital Command  
  131  22:41  Battlecruiser x2  
  131  22:42  SCV, Hellion  
  144  22:46  SCV  
  144  22:48  SCV  
  146  22:56  SCV  
  144  22:58  SCV  
  144  23:02  SCV  
  145  23:08  Siege Tank  
  148  23:13  SCV  
  148  23:14  SCV  
  148  23:19  Refinery, Siege Tank  
  153  23:24  Hellion x2  
  157  23:40  Siege Tank  
  154  23:51  Siege Tank  
  151  24:06  Hellion x3, Orbital Command  
  157  24:12  SCV x2, Siege Tank  
  153  24:24  SCV x2  
  153  24:30  Siege Tank  
  153  24:31  Hellion x2  
  159  24:34  SCV  
  159  24:36  SCV, Missile Turret  
  159  24:44  Hellion, Siege Tank  
  162  24:46  SCV  
  162  24:48  SCV  
  162  24:49  Missile Turret  
  162  24:52  Hellion  
  165  25:16  Supply Depot  
  165  25:18  Supply Depot  
  118  25:37  SCV x2  
  120  25:43  Missile Turret  
  120  25:46  Hellion x2  
  120  25:49  SCV  
  126  25:50  Missile Turret  
  126  25:51  Siege Tank  
  125  25:57  SCV  
  125  26:01  SCV  
  127  26:13  SCV, Supply Depot, Hellion  
  127  26:16  Refinery  
  127  26:18  SCV  
  131  26:25  SCV  
Tags
 
Add a new tag
Caveats
  • Supply blocks, unpowered buildings, or Contaminate may cause inaccurate times.
  • Supply counts are checked every 10 seconds.